Map: Acid Plant LE

Players

Blodir

  • Race: Zerg Zerg
  • League: Master
  • Spawn Location: 11:00

Antis - Winner!

  • Race: Zerg Zerg
  • League: Master
  • Spawn Location: 5:00

VOD

Have the link to the VOD?

Description

Time

  • Played on: May 16, 2018, 9:31 p.m.
  • Length: 11:23
Show
View Real Time Build Order
Export as new Build Order

Blodir Zerg 

Build Orders: Pool First 

Get SALT Encoding   

  12  0:01  Drone  
  13  0:09  Extractor  
  12  0:24  Spawning Pool  
  11  0:29  Drone  
  11  0:33  Drone  
  13  0:40  Drone  
  14  0:51  Overlord  
  15  1:11  Zergling x4  
  15  1:13  Zergling x2  
  15  1:14  Metabolic Boost  
  17  1:23  Zergling x2  
  18  1:31  Baneling Nest  
  17  1:45  Queen  
  19  1:49  Zergling x2  
  19  1:53  Zergling x2  
  21  1:58  Zergling x2  
  22  2:06  Overlord  
  22  2:16  Baneling x2  
  22  2:30  Zergling x2  
  22  2:31  Zergling x2  
  24  2:43  Drone  
  24  2:52  Drone  
  25  3:04  Drone x2  
  27  3:07  Hatchery  
  27  3:10  Overlord  
  26  3:25  Drone x2  
  22  3:34  Drone x4  
  26  3:44  Drone  
  27  3:59  Drone  
  28  4:06  Drone x2  
  30  4:10  Drone  
  31  4:17  Hatchery  
  31  4:18  Drone  
  31  4:21  Queen  
  33  4:24  Drone  
  33  4:28  Drone  
  35  4:32  Drone  
  35  4:36  Evolution Chamber  
  35  4:37  Drone  
  34  4:44  Zergling x6  
  37  4:49  Lair  
  37  4:51  Drone  
  38  4:56  Drone x2  
  40  5:02  Drone  
  40  5:04  Drone x3  
  40  5:06  Zerg Missile Weapons Level 1  
  44  5:11  Overlord  
  44  5:16  Roach Warren  
  44  5:17  Extractor  
  44  5:18  Drone  
  43  5:21  Drone  
  44  5:31  Extractor  
  44  5:34  Drone x2  
  45  5:38  Extractor, Drone x3  
  45  5:40  Drone  
  45  5:41  Drone  
  45  5:42  Drone x2  
  51  5:44  Drone  
  51  5:45  Drone x2  
  51  5:47  Queen  
  56  5:52  Drone x2  
  58  6:03  Spore Crawler  
  58  6:04  Spore Crawler  
  55  6:05  Spore Crawler x2  
  53  6:16  Overlord x3  
  53  6:21  Hydralisk Den  
  53  6:24  Spore Crawler  
  51  6:34  Queen x2  
  55  6:46  Queen  
  57  6:50  Hydralisk, Grooved Spines  
  57  6:51  Hydralisk x2  
  63  6:55  Hydralisk  
  63  6:57  Glial Reconstitution  
  65  7:05  Lurker Den  
  65  7:07  Overlord  
  63  7:21  Hydralisk x4  
  65  7:34  Hydralisk x4  
  70  7:41  Zerg Missile Weapons Level 2  
  67  7:48  Overlord x2  
  61  8:07  Queen  
  61  8:08  Queen  
  61  8:09  Queen  
  61  8:11  Hydralisk x3  
  73  8:24  Drone x3  
  73  8:25  Drone x4  
  77  8:28  Drone  
  78  8:34  Drone  
  78  8:38  Muscular Augments  
  78  8:40  Lurker x2  
  81  8:44  Overlord x2  
  81  8:52  Overlord x2  
  81  9:00  Zergling x2  
  82  9:07  Queen  
  70  9:18  Hydralisk  
  70  9:19  Hydralisk x7  
  86  9:27  Hydralisk  
  86  9:28  Hydralisk x3  
  89  9:53  Hydralisk x4  
  89  9:58  Drone  
  98  10:00  Extractor, Overlord x5  
  98  10:02  Extractor  
  94  10:30  Drone  
  94  10:31  Drone x17  
  110  11:00  Overlord x2  
  110  11:01  Overlord x3  
  108  11:07  Extractor  
Show
View Real Time Build Order
Export as new Build Order

Antis Zerg - Winner!

Build Orders: Hatch First, Muta Ling Bane 

Get SALT Encoding   

  12  0:01  Drone  
  13  0:12  Overlord  
  13  0:17  Drone  
  14  0:30  Drone  
  14  0:31  Drone  
  14  0:34  Drone  
  17  0:51  Hatchery  
  17  0:54  Drone  
  17  0:56  Drone  
  18  1:07  Extractor  
  17  1:12  Spawning Pool  
  17  1:15  Drone  
  17  1:18  Drone  
  18  1:27  Drone  
  19  1:41  Overlord  
  19  1:50  Drone  
  20  1:59  Queen, Spine Crawler  
  20  2:00  Zergling x2  
  22  2:04  Zergling x2, Baneling Nest  
  22  2:13  Zergling x2  
  22  2:15  Drone  
  24  2:21  Drone  
  26  2:30  Drone  
  26  2:35  Queen  
  28  2:37  Extractor  
  27  2:44  Drone x2  
  28  2:53  Drone  
  28  2:55  Overlord  
  29  2:59  Baneling x2  
  29  3:14  Lair  
  29  3:24  Baneling  
  28  3:34  Drone  
  26  3:41  Hatchery  
  25  3:43  Drone x4  
  29  3:52  Drone  
  29  3:53  Drone x2  
  32  4:05  Drone  
  33  4:14  Spire  
  32  4:18  Drone  
  33  4:25  Drone  
  33  4:26  Drone x2  
  36  4:32  Zergling x2  
  36  4:34  Metabolic Boost  
  36  4:41  Overlord  
  36  4:52  Queen  
  38  4:57  Drone x4  
  38  4:58  Drone  
  43  5:01  Extractor  
  43  5:03  Baneling  
  42  5:10  Drone x2  
  42  5:13  Extractor  
  43  5:14  Drone  
  44  5:24  Drone x3  
  44  5:27  Mutalisk x2  
  51  5:29  Zerg Flyer Weapons Level 1  
  51  5:32  Overlord  
  51  5:43  Overlord  
  51  5:52  Mutalisk, Drone x2  
  51  5:53  Mutalisk x2  
  59  6:04  Mutalisk  
  59  6:05  Mutalisk  
  59  6:09  Drone  
  59  6:10  Hatchery  
  63  6:13  Zergling x4  
  65  6:18  Overlord  
  65  6:19  Overlord  
  65  6:26  Mutalisk  
  67  6:36  Queen  
  67  6:37  Evolution Chamber  
  67  6:38  Drone x3  
  67  6:39  Hydralisk Den  
  70  6:40  Mutalisk  
  70  6:41  Mutalisk  
  74  6:48  Baneling Nest  
  74  6:49  Drone x3  
  74  6:53  Centrifical Hooks  
  78  6:56  Overlord  
  78  7:05  Mutalisk x2  
  78  7:08  Drone x2  
  84  7:15  Zerg Melee Weapons Level 1  
  84  7:21  Drone x5  
  84  7:22  Drone x2  
  91  7:24  Extractor  
  91  7:25  Overlord  
  91  7:29  Extractor  
  89  7:34  Drone x3  
  92  7:43  Mutalisk x2  
  94  7:50  Zerg Flyer Weapons Level 2  
  94  7:54  Overlord  
  94  7:55  Drone  
  94  7:56  Drone x6  
  99  8:11  Overlord  
  99  8:16  Mutalisk x4  
  107  8:26  Overlord x3  
  107  8:27  Hatchery  
  107  8:28  Mutalisk x2  
  108  8:38  Zergling x10  
  108  8:39  Zergling x2  
  108  8:40  Zergling x6  
  118  8:41  Zergling x4  
  118  8:44  Evolution Chamber  
  118  8:48  Mutalisk  
  120  8:58  Mutalisk x3  
  118  9:19  Mutalisk x2  
  118  9:20  Mutalisk x2  
  118  9:22  Zergling x16  
  118  9:24  Overlord  
  134  9:26  Hatchery  
  134  9:28  Overlord  
  134  9:29  Overseer  
  134  9:38  Drone x3  
  137  9:45  Drone x2  
  136  9:54  Mutalisk x2  
  136  9:55  Mutalisk x2  
  136  9:58  Zergling x2  
  136  9:59  Zergling x18  
  154  10:01  Extractor  
  154  10:06  Queen  
  155  10:11  Baneling  
  155  10:12  Baneling x11  
  155  10:18  Zergling x2  
  155  10:19  Zergling x10  
  155  10:20  Overlord  
  158  10:31  Overlord x2  
  158  10:32  Overlord  
  158  10:33  Zergling x2  
  158  10:34  Zergling x18  
  166  10:38  Baneling  
  166  10:40  Baneling  
  166  10:41  Baneling x17  
  166  10:59  Zergling x2  
  167  11:06  Zergling x2  
Tags
 
Add a new tag
Caveats
  • Supply blocks, unpowered buildings, or Contaminate may cause inaccurate times.
  • Supply counts are checked every 10 seconds.